Map: Central Protocol

Players

Wellmet

  • Race: Terran Terran
  • League: Diamond

RoJac - Winner!

  • Race: Zerg Zerg

VOD

Have the link to the VOD?

Description

Time

  • Played on: Nov. 13, 2015, 6:17 a.m.
  • Length: 7:26
Show
View Real Time Build Order
Export as new Build Order

Wellmet Terran 

Build Orders: MMM Bio 

Get SALT Encoding   

  12  0:01  SCV  
  13  0:13  SCV  
  14  0:20  Supply Depot  
  14  0:25  SCV  
  15  0:41  SCV  
  15  0:42  Barracks  
  16  0:54  SCV  
  17  1:06  SCV  
  18  1:18  Command Center  
  18  1:22  SCV  
  19  1:29  Marine  
  20  1:34  Orbital Command  
  20  1:43  Supply Depot  
  20  1:47  Marine  
  21  2:00  SCV  
  22  2:05  Marine  
  23  2:12  SCV  
  24  2:20  Command Center  
  24  2:23  Marine  
  24  2:24  SCV  
  26  2:30  Bunker  
  26  2:35  Orbital Command  
  26  2:36  SCV  
  27  2:42  Marine  
  28  2:48  SCV  
  29  2:52  Barracks  
  29  2:54  Refinery  
  29  3:00  Marine  
  29  3:01  SCV  
  29  3:02  SCV  
  32  3:10  Barracks  
  32  3:13  SCV  
  32  3:14  SCV  
  34  3:25  SCV, Marine  
  36  3:29  SCV  
  36  3:30  Barracks  
  36  3:32  Orbital Command  
  37  3:37  SCV  
  37  3:38  Refinery  
  37  3:41  SCV, Marine  
  38  3:43  Marine  
  41  3:49  Supply Depot, SCV  
  41  3:54  SCV  
  43  3:59  Barracks Tech Lab  
  43  4:00  Barracks Tech Lab  
  44  4:03  SCV, Barracks Reactor  
  44  4:06  SCV  
  45  4:16  Supply Depot  
  45  4:19  SCV x2, Refinery  
  45  4:21  Refinery, Marine x3  
  50  4:24  Barracks  
  50  4:25  Stimpack  
  50  4:26  Barracks  
  50  4:31  SCV  
  51  4:33  SCV  
  51  4:37  Orbital Command  
  52  4:39  Marine  
  52  4:41  Marine x2  
  52  4:42  Marine x2  
  52  4:43  SCV  
  59  4:45  SCV  
  59  4:47  Combat Shields  
  59  4:55  SCV  
  59  4:57  Marine  
  59  4:59  Marine  
  62  5:04  Engineering Bay  
  62  5:07  Factory, Engineering Bay  
  62  5:08  SCV x2  
  62  5:11  SCV  
  62  5:12  Marine  
  62  5:13  Marine x2  
  68  5:16  Refinery  
  68  5:18  Barracks  
  68  5:20  SCV x2  
  70  5:22  Barracks Reactor  
  70  5:23  SCV  
  71  5:30  Missile Turret  
  71  5:31  Missile Turret  
  71  5:32  SCV  
  71  5:33  SCV  
  71  5:34  Missile Turret  
  71  5:35  Barracks Reactor x2  
  73  5:42  SCV  
  74  5:44  SCV  
  74  5:45  Marine x2  
  77  5:53  Supply Depot  
  77  5:58  Starport  
  77  6:02  Factory Reactor  
  77  6:06  Supply Depot  
  77  6:07  Supply Depot x2  
  77  6:09  Marauder, Marine x3  
  82  6:13  Marine x2  
  82  6:17  Supply Depot  
  82  6:21  Marine  
  82  6:22  Marine x2  
  77  6:27  Marauder  
  77  6:31  Marine x2, Marauder  
  77  6:34  Marine x3  
  77  6:39  Marine  
  72  6:40  Marine x2  
  59  6:48  Marine  
  59  6:49  Marine  
  59  6:50  Marine  
  59  6:51  SCV  
  44  6:59  Marine  
  38  7:04  SCV, Marine  
Show
View Real Time Build Order
Export as new Build Order

RoJac Zerg - Winner!

Build Orders: Hatch First 

Get SALT Encoding   

  12  0:01  Drone  
  13  0:12  Overlord  
  13  0:17  Drone  
  14  0:31  Drone x2  
  16  0:53  Hatchery  
  15  0:58  Drone  
  16  1:12  Spawning Pool  
  16  1:15  Drone  
  16  1:21  Drone  
  16  1:22  Drone  
  18  1:26  Extractor  
  18  1:28  Drone  
  18  1:40  Overlord  
  18  1:49  Drone  
  19  2:04  Drone  
  19  2:06  Queen x2  
  19  2:07  Drone  
  25  2:14  Drone  
  25  2:21  Drone x2  
  27  2:29  Overlord  
  27  2:35  Drone  
  28  2:47  Drone x2  
  30  2:53  Drone  
  30  2:54  Drone  
  32  2:59  Roach Warren  
  32  3:02  Drone  
  32  3:07  Overlord  
  32  3:18  Drone x8  
  40  3:30  Hatchery  
  39  3:43  Drone  
  39  3:44  Extractor  
  41  3:48  Roach  
  41  3:49  Roach x4  
  41  3:52  Overlord  
  49  3:58  Drone x3  
  52  4:03  Overlord x2  
  52  4:11  Queen  
  54  4:20  Roach  
  54  4:21  Roach x4  
  54  4:23  Roach  
  66  4:25  Roach  
  66  4:28  Roach  
  66  4:30  Overlord  
  70  4:42  Overlord  
  70  4:43  Overlord  
  70  4:45  Ravager x2  
  72  4:56  Ravager  
  73  5:05  Drone  
  73  5:06  Drone x10  
  84  5:12  Extractor  
  83  5:15  Overlord  
  83  5:29  Drone  
  83  5:31  Roach x8  
  100  5:36  Overlord  
  100  5:38  Overlord  
  100  5:57  Overlord  
  100  6:01  Metabolic Boost  
  100  6:05  Roach x6  
  100  6:06  Roach  
  99  6:52  Roach x14  
  99  6:53  Roach  
  118  7:01  Overlord  
  118  7:03  Extractor  
  118  7:07  Roach  
Tags
 
Add a new tag
Caveats
  • Supply blocks, unpowered buildings, or Contaminate may cause inaccurate times.
  • Supply counts are checked every 10 seconds.